 Dungeon Crawl Stone Soup version 0.19.1 (webtiles) character file.

14 Dfrag the Firebug (level 2, 0/19 HPs)
             Began as a Demonspawn Fire Elementalist on Nov 26, 2016.
             Slain by Terence
             ... wielding a +0 hand axe
              (6 damage)
             ... on level 1 of the Dungeon.
             The game lasted 00:01:17 (579 turns).

Dfrag the Firebug (Demonspawn Fire Elementalist)     Turns: 579, Time: 00:01:18

Health: 0/19       AC:  5    Str:  8    XL:     2   Next: 27%
Magic:  2/5        EV: 14    Int: 16    God:
Gold:   49         SH:  0    Dex: 13    Spells: 1 memorised, 4 levels left

rFire  . . .     SeeInvis .     (no weapon)
rCold  . . .     Gourm    .     a - +0 robe
rNeg   . . .     Faith    .     (no shield)
rPois  +         Spirit   .     (no helmet)
rElec  .         Reflect  .     (no cloak)
rCorr  .         Harm     .     (no gloves)
MR     .....                    (no boots)
Stlth  ++........               (no amulet)
                                j - +3 ring of protection (curse)
                                d - ring of poison resistance

@: no status effects
A: repulsion field 1
a: no special abilities


You were on level 1 of the Dungeon.
You were not hungry.

You visited 1 branch of the dungeon, and saw 2 of its levels.

You collected 49 gold pieces.

Inventory:

Armour
 a - a +0 robe (worn)
Jewellery
 d - a ring of poison resistance (left hand)
 g - a +4 ring of dexterity
 j - a cursed +3 ring of protection (right hand)
Scrolls
 e - 3 scrolls of identify {unknown}
 f - 4 scrolls of magic mapping {unknown}
Potions
 h - a potion of heal wounds {unknown}
 i - a potion of lignification {unknown}
Books
 b - a book of Flames

   Spells                             Type                      Level
   a - Flame Tongue                   Conjuration/Fire             1
   b - Throw Flame                    Conjuration/Fire             2
   c - Conjure Flame                  Conjuration/Fire             3
   d - Inner Flame                    Hexes/Fire                   3
   e - Sticky Flame                   Conjuration/Fire             4
   f - Fireball                       Conjuration/Fire             5
Comestibles
 c - a bread ration


   Skills:
 - Level 1.7 Dodging
 - Level 1.7 Stealth
 + Level 2.1 Spellcasting
 + Level 2.0 Conjurations
 + Level 2.8 Fire Magic


You had 4 spell levels left.
You knew the following spells:

 Your Spells              Type           Power        Failure   Level  Hunger
a - Flame Tongue          Conj/Fire      #....        10%         1    #......


Dungeon Overview and Level Annotations

Branches:
Dungeon (2/15)

Altars:

Annotations:
D:1 Terence


Innate Abilities, Weirdness & Mutations

You are surrounded by a mild repulsion field. (EV +2)


Message History

There is a stone staircase leading down here.
You see here 11 arrows.
Terence no longer looks unusually strong.
Casting: Flame Tongue
Confirm with . or Enter, or press ? or * to list all spells.
Aiming: Flame Tongue
Press: ? - help, Shift-Dir - straight line, f - Terence
Aim: Terence, wielding a hand axe and wearing a scale mail (severely wounded)
The flame tongue hits Terence.
Terence is almost dead.
Terence barely misses you.
Casting: Flame Tongue
Confirm with . or Enter, or press ? or * to list all spells.
Aiming: Flame Tongue
Press: ? - help, Shift-Dir - straight line, f/p - Terence
Aim: Terence, wielding a hand axe and wearing a scale mail (almost dead)
The flame tongue hits Terence.
Terence is almost dead.
Terence hits you with a hand axe.
You die...

# #.......#....# #.###.#.#..# #
###.....##...#######.....#...## #
##....##(#......#####......## #
#..............# #...(>..#
######......####....#####........
..............................†##
######.....############...^....##
# ###..## #####.....#.......# #
#.)...# #.@...#####.....#.# #
#.....# #@########........) #
#.....# #................#.
#.....# #########........##
#.....# ###.....## #.....#
#.......# ####### #.......#
#.......# ##.....##


You could see Terence.

Vanquished Creatures
  A leopard gecko (D:1)
  A giant cockroach (D:1)
  3 goblins (D:1)
  2 kobolds (D:1)
  A bat (D:1)
  3 frilled lizards (D:1)
  2 rats (D:1)
13 creatures vanquished.

Notes
Turn   | Place    | Note
-------+----------+-------------------------------------------
     0 | D:1      | Dfrag the Demonspawn Fire Elementalist began the quest for the Orb.
     0 | D:1      | Reached XP level 1. HP: 13/13 MP: 3/3
   245 | D:1      | Gained mutation: You are surrounded by a mild repulsion field. (EV +2) [demonic ancestry]
   245 | D:1      | Reached XP level 2. HP: 12/19 MP: 1/5
   529 | D:2      | Noticed Terence
   579 | D:1      | Slain by Terence

Skill      XL: |  1  2 |
---------------+-------+-----
Conjurations   | 2 |  2.0
Dodging        | |  1.7
Stealth        | |  1.7
Spellcasting   | |  2.1
Fire Magic     | |  2.8

Action                   || total
-------------------------++-------
Melee: Unarmed           ||    20
 Cast: Flame Tongue      ||    30
Armor: Robe              ||     9
Dodge: Dodged            ||    28
